[Event "Championnat d'Europe Rapide"]
[Date "2024.12.07"]
[White "Quparadze, Giga"]
[Black "Stanojoski, Zvonko"]
[WhiteElo "2537"]
[BlackElo "2401"]
[Round "5.22"]
[Result "1-0"]
[TimeControl "900+10"]

1. e4 c5 2.
Nf3 Nc6 3.
Bb5 Nf6 4. Nc3 g6 5. e5 Ng4 6. Qe2 Bg7 7. Bxc6 dxc6 8. h3 Nh6 9. Ne4 b6 10. Nf6+ Kf8 11. Ne4 Nf5 12. c3 h5 13. O-O a5 14. d3 Qd5 15. Bf4 Ba6 16. c4 Qd7 17. Neg5 e6 18. Rfd1 Bh6 19. Qd2 Kg7 20. Ne4 Nd4 21. Bxh6+ Rxh6 22.
Nxd4 cxd4 23. c5 bxc5 24. b3 Qd5 25. Qf4 Rf8 26. Rac1 a4 27. Rxc5 Qd7 28. bxa4 Qb7 29. Rcc1 Qb2 30. Nc5 Bc8 31. a5 g5 32. Qxg5+ Rg6 33. Qd2 Qa3 34. Ne4 c5 35. Nxc5 Kh8 36. Kh2 Rfg8 37. Rg1 f5 38. exf6 Rxf6 39. Ne4 Rfg6 40. Rc5 Bb7 41. Rxh5+ Kg7 42. Qf4 1-0

[Site "Europe Echecs"]

[Event "Championnat d'Europe Rapide"]
[Date "2024.12.07"]
[White "Nikolovski, Nikola"]
[Black "Dardha, Daniel"]
[WhiteElo "2407"]
[BlackElo "2639"]
[Round "5.23"]
[Result "0-1"]
[TimeControl "900+10"]

1. e4 c6 2.
d4 d5 3.
exd5 cxd5 4.
Bd3 Nc6 5.
c3 e6 6. Nf3 Bd6 7. O-O Nge7 8. Re1 Qc7 9. Nbd2 Bd7 10. Nf1 O-O 11. Bd2 h6 12. Ng3 Ng6 13. Qc2 f5 14. a3 Kh8 15. Re2 Nf4 16. Bxf4 Bxf4 17.
Rae1 Rae8 18. Nh4 Kh7 19. Rxe6 Rxe6 20. Bxf5+ Kg8 21. Bxe6+ Bxe6 22. Ng6 Re8 23. Nxf4 Qxf4 24. Qg6 Qf7 25. Qc2 Bd7 26. Rf1 Ne7 27. Ne2 Ng6 28. f3 Bb5 29. Rf2 Nf4 30. Ng3 Re1+ 31. Nf1 Bxf1 32. Rxf1 Re2 0-1

[Site "Europe Echecs"]

[Event "Championnat d'Europe Rapide"]
[Date "2024.12.07"]
[White "Laurusas, Tomas"]
[Black "Diermair, Andreas"]
[WhiteElo "2578"]
[BlackElo "2433"]
[Round "5.24"]
[Result "1-0"]
[TimeControl "900+10"]

1. d4 e6 2. c4 f5 3. g3 Nf6 4. Bg2 d5 5. Nh3 Bd6 6. O-O O-O 7. Bf4 Be7 8. Nc3 c6 9. Rc1 h6 10. Bd2 g5 11. Kh1 Nbd7 12. f3 Nb6 13. cxd5 exd5 14. b3 Bd6 15. Nf2 Be6 16. Nd3 Qe8 17. Nc5 Bxc5 18. dxc5 Nbd7 19. Be3 Qe7 20. Bd4 Bf7 21. Qc2 Bg6 22. Bh3 Qh7 23. Qd2 Rae8 24. a4 a6 25. Qb2 Qe7 26. Rfe1 Kh7 27. Nd1 Nh5 28. Nf2 f4 29. Bxd7 Qxd7 30. g4 Ng7 31. b4 Ne6 32. Be5 Nc7 33. Kg2 Re6 34. h4 Rfe8 35. Bxc7 Qxc7 36. hxg5 Re5 37. Rh1 Qg7 38. Rxh6+ Kg8 39. Qd2 Rxg5 40.
Rch1 Qf6 41.
Nd3 Rxg4+ 42. fxg4 Be4+ 43. Kf1 Qa1+ 44. Qe1 Qxe1+ 45. Nxe1 Bxh1 46. Rxh1 Re4 47. Nd3 a5 48. b5 Kg7 49. bxc6 bxc6 50. Kf2 Rxa4 51. Rb1 1-0

[Site "Europe Echecs"]

[Event "Championnat d'Europe Rapide"]
[Date "2024.12.07"]
[White "Gatineau, Yovann"]
[Black "Bernadskiy, Vitaliy"]
[WhiteElo "2363"]
[BlackElo "2546"]
[Round "5.25"]
[Result "0-1"]
[TimeControl "900+10"]

1. d4 Nf6 2.
c4 d6 3. Nf3 g6 4. Nc3 Bg7 5. e4 O-O 6. h3 c6 7. Be3 Na6 8. Be2 e5 9. d5 Nc5 10. Nd2 a5 11. g4 Bd7 12. h4 cxd5 13. cxd5 b5 14. g5 Nh5 15. Nxb5 Nf4 16. Bxf4 exf4 17. a4 f3 18. Bxf3 Nd3+ 19. Kf1 Nxb2 20. Qb3 Qb6 21. Kg2 Nxa4 22. Rxa4 Qxb5 23.
Qxb5 Bxb5 24. Ra2 a4 25. Rb1 Bd3 26. Rb4 h6 27. Rbxa4 Rxa4 28. Rxa4 hxg5 29. hxg5 Be5 30. Nc4 Bf4 31. Nb2 Bb1 32. Rb4 Re8 33. Na4 Bc2 34. Rc4 Bd3 35. Rd4 Ba6 36. Rb4 Re5 37. Nb6 Rxg5+ 38. Kh1 Kg7 39. Nc4 Bxc4 40. Rxc4 Re5 41.
Kg2 Re7 42.
Bg4 Ra7 43.
Rc2 Kf6 44.
Bf3 Ke5 45.
Rb2 Bg5 46. Rc2 Kf4 47. Rb2 Ra3 48. Rb7 f6 49. Bd1 Ra2 50. Rb4 Ke5 51. Kg3 Bd2 52. Rc4 Bf4+ 53. Kf3 Rd2 54. Ba4 Bg5 55. Be8 Bh4 56. Ke3 Rxf2 57. Bxg6 Ra2 58. Kf3 Ra3+ 59. Kg4 Bf2 60. Bf5 Rg3+ 61. Kh5 Be3 62. Bg4 Rg1 63. Be2 Rg5 64. Kh4 Kf4 65. Bd3 Bf2 66. Kh3 Rg3+ 0-1

[Site "Europe Echecs"]

[Event "Championnat d'Europe Rapide"]
[Date "2024.12.07"]
[White "Mastrovasilis, Dimitrios"]
[Black "Danov, Lyubomir"]
[WhiteElo "2537"]
[BlackElo "2297"]
[Round "5.26"]
[Result "0-1"]
[TimeControl "900+10"]

1. e4 e5 2.
Nf3 Nc6 3.
Bc4 Bc5 4.
c3 Nf6 5. d4 exd4 6. e5 d5 7. Be2 Ng8 8. cxd4 Bb4+ 9. Bd2 Bxd2+ 10.
Nbxd2 Nge7 11. O-O O-O 12. Re1 f6 13. Rc1 fxe5 14. dxe5 Ng6 15. Bf1 Nf4 16. Qb3 Ne7 17. g3 Ne6 18. Bg2 c5 19. Red1 c4 20. Qa3 b5 21. b3 Qe8 22. Nf1 a5 23. bxc4 dxc4 24. Qe3 Bb7 25. a4 Nd5 26. Qe4 Nc5 27. Qh4 Nd3 28. axb5 Nxc1 29. Rxc1 c3 30. Re1 Qxb5 31. e6 c2 32. e7 Rfe8 33. Bh3 Rxe7 34. Rxe7 Nxe7 35. Ng5 h6 36. Be6+ Kh8 37. Nf7+ Kh7 38. Nxh6 Qxf1+ 39. Kxf1 c1=Q+ 40. Ke2 Qxh6 41. Qxe7 Qf6 0-1

[Site "Europe Echecs"]

[Event "Championnat d'Europe Rapide"]
[Date "2024.12.07"]
[White "Smeets, Jan"]
[Black "Zlatkov, Anton"]
[WhiteElo "2552"]
[BlackElo "2324"]
[Round "5.27"]
[Result "1/2-1/2"]
[TimeControl "900+10"]

1. e4 c5 2.
Nf3 e6 3. c4 Nc6 4. Be2 e5 5. Nc3 d6 6. d3 g6 7. a3 Bg7 8. b4 cxb4 9. axb4 Nge7 10. b5 Nd4 11. Nxd4 exd4 12. Nd5 Nxd5 13.
exd5 O-O 14.
O-O Re8 15.
Bd2 a5 16.
bxa6 Rxa6 17. Bf3 Bf5 18. Qb3 Qb6 19. Qc2 Rea8 20. Rab1 Qc7 21. Be2 Ra3 22. Rfe1 Qd7 23. Bf1 h6 24. Rb6 Ra2 25. Qc1 Qa4 26. Bxh6 Ra1 27. Rb1 Rxb1 28. Qxb1 Bxh6 29. Qxb7 Re8 30.
Rxe8+ Qxe8 31. Qb6 Qe5 32. Qa5 Kg7 33. h3 Bc1 34. Qb4 g5 35. Kh1 g4 36. hxg4 Bxg4 37. Kg1 Bf4 38. Qb1 Qh5 39. g3 Be5 40. Bg2 Bf3 41. Qe1 Qf5 42. Qd2 Bf6 43. Qc2 Bg5 44. Kf1 Bxg2+ 45. Kxg2 Bf6 46. Qe2 Qe5 47. Qg4+ Qg5 48. Qe4 Qe5 49. Qg4+ Kf8 50.
Qc8+ Qe8 51.
Qf5 Be5 52.
Qg4 Bg7 53.
Qf5 Kg8 54.
Kf1 Qe7 55.
Qc8+ Qf8 56.
Qd7 Qb8 57.
Kg2 Be5 58.
Kh3 Qb1 59.
Qd8+ Kg7 60.
Qg5+ Kh7 61.
Qh4+ Kg8 62.
Qd8+ Kh7 63.
Qh4+ Kg8 1/2-1/2

[Site "Europe Echecs"]

[Event "Championnat d'Europe Rapide"]
[Date "2024.12.07"]
[White "Jacimovic, Dragoljub"]
[Black "Grigoriants, Sergey"]
[WhiteElo "2358"]
[BlackElo "2542"]
[Round "5.28"]
[Result "0-1"]
[TimeControl "900+10"]

1. d4 Nf6 2.
c4 e6 3. Nc3 Bb4 4. f3 c5 5. d5 O-O 6. Bd2 d6 7. e4 a6 8. Nge2 exd5 9. cxd5 Nbd7 10. Ng3 Ne5 11. Be2 c4 12. Be3 Ba5 13. Qd2 b5 14. a3 Bb6 15. O-O Nfd7 16. Nf5 Nc5 17. Nd4 Bd7 18. Kh1 Re8 19. Bg1 Qh4 20. Rab1 Rac8 21. b4 cxb3 22.
Nxb3 f5 23.
Nxc5 Bxc5 24. Bxc5 Rxc5 25. Rbc1 Rec8 26. f4 Ng6 27. exf5 Bxf5 28. Bd3 Qf6 29. Bxf5 Qxf5 30. Ne2 Rxc1 31. Nxc1 Rc2 32. Qe3 Qxd5 33. Ne2 h6 34. f5 Nh4 35. Nf4 Qxf5 36. g3 Ng6 37. Rd1 Nxf4 38. gxf4 d5 39. Re1 Rc4 40. Rf1 Qe4+ 41. Qxe4 dxe4 42. Kg2 Ra4 0-1

[Site "Europe Echecs"]

[Event "Championnat d'Europe Rapide"]
[Date "2024.12.07"]
[White "Grigorov, Grigor"]
[Black "Perunovic, Miodrag"]
[WhiteElo "2497"]
[BlackElo "2357"]
[Round "5.29"]
[Result "1-0"]
[TimeControl "900+10"]

1. d4 Nf6 2.
Nf3 e6 3.
Bg5 h6 4. Bh4 c5 5. e3 cxd4 6. exd4 b6 7. Nbd2 Bb7 8. c3 Be7 9. Bxf6 Bxf6 10. Bd3 d6 11. Qe2 Nd7 12. O-O-O Qc7 13. Kb1 O-O-O 14.
Ne4 Kb8 15.
h4 h5 16.
Rhe1 g6 17.
g3 Be7 18.
Neg5 Bxg5 19. Nxg5 Nf6 20. Qe3 Nd5 21. Qd2 e5 22. c4 Nf6 23. Qc3 Rhe8 24. Bc2 Ng4 25. f3 exd4 26. Rxd4 Ne5 27. Red1 f6 28. Ne4 Nxf3 29.
Qxf3 f5 30. Qf4 fxe4 31. Bxe4 Bxe4+ 32.
Rxe4 Rxe4 33. Qxe4 Qf7 34. a3 Kc7 35. Rd5 Qf1+ 36. Ka2 Re8 37. Qd4 Re6 38. Qg7+ Kc6 39. Rd4 Qf6 40. Qg8 Qe7 41. Qc8+ [Site "Europe Echecs"]

[Event "Championnat d'Europe Rapide"]
[Date "2024.12.07"]
[White "Fromm, Marius"]
[Black "Pantsulaia, Levan"]
[WhiteElo "2459"]
[BlackElo "2522"]
[Round "5.30"]
[Result "1-0"]
[TimeControl "900+10"]

1. e4 c5 2. Nf3 e6 3. d4 cxd4 4. Nxd4 a6 5. Bd3 d5 6. exd5 Qxd5 7. O-O Nd7 8. Be3 Bc5 9. Nc3 Qe5 10. Nf3 Qc7 11. Re1 Bxe3 12. Rxe3 Ngf6 13. Ne4 Nd5 14. Re1 O-O 15. c4 N5f6 16. b4 Nxe4 17. Rxe4 Nf6 18. Rh4 Rd8 19. Qc2 h6 20. Rd1 b6 21. Rd4 Rxd4 22. Nxd4 Bb7 23. Be2 Rd8 24. a3 a5 25. h3 axb4 26. axb4 Be4 27. Qc1 Qb7 28. f3 Bg6 29. Nb5 Ra8 30. Qe3 Qe7 31. Nd6 Rb8 32. Bf1 Kh7 33. Qe5 Nd7 34. Qd4 e5 35. Nc8 Qxb4 36. Qxd7 Qc5+ 37. Kh2 Qxc8 38. Qd6 Qe8 39. Re1 f6 40. f4 e4 41. Qd4 Qd8 42. Qf2 Qd6 43. g3 f5 44. Rb1 Be8 45. Qe3 h5 46. Be2 g6 47. Kg2 Bf7 48. Rb5 Be8 49. Rd5 Qc7 50. g4 Bf7 51. Re5 Bxc4 52. gxf5 gxf5 53. Rxf5 Qg7+ 54. Rg5 Qb2 55. Qxe4+ Kh8 56. Rxh5+ Kg8 57. Qxc4+ 1-0

[Site "Europe Echecs"]

[Event "Championnat d'Europe Rapide"]
[Date "2024.12.07"]
[White "Reprintsev, Alexander"]
[Black "Zajic, Milan"]
[WhiteElo "2230"]
[BlackElo "2392"]
[Round "5.31"]
[Result "0-1"]
[TimeControl "900+10"]

1. e4 g6 2.
d4 Bg7 3.
Nc3 a6 4. h4 d5 5. exd5 Nf6 6. h5 Nxd5 7. h6 Bf6 8. Ne4 Bf5 9. Nxf6+ Nxf6 10. Nf3 O-O 11. Be2 c5 12. c3 cxd4 13.
Nxd4 Be4 14.
f3 Bd5 15.
c4 Bc6 16.
Be3 Qc7 17.
Kf2 e5 18.
Nxc6 Nxc6 19. Qb3 Nd4 20. Bxd4 exd4 21. Rad1 Qf4 22. Kg1 Rae8 23. Bf1 Nh5 24. Qd3 Qe3+ 25. Qxe3 dxe3 26. Bd3 Nf4 27. Be4 f5 28. Bxb7 e2 29. Re1 Nd3 30. Kh2 g5 31. g3 Rf6 32. Kg2 Rxh6 33. Rhg1 Kf8 34. a3 Rb6 0-1

[Site "Europe Echecs"]

[Event "Championnat d'Europe Rapide"]
[Date "2024.12.07"]
[White "Kozul, Zdenko"]
[Black "Upleger, Martin"]
[WhiteElo "2519"]
[BlackElo "2297"]
[Round "5.32"]
[Result "1-0"]
[TimeControl "900+10"]

1. d4 Nf6 2.
Nf3 e6 3. c4 d5 4. g3 dxc4 5. Bg2 Nc6 6. O-O Rb8 7. Nc3 Be7 8. Qa4 O-O 9. Qxc4 Nd5 10. Rd1 Na5 11. Qd3 b6 12. Bd2 Nb4 13. Qb1 Ba6 14. Be1 Nd5 15. e4 Nxc3 16.
Bxc3 Bf6 17.
b3 c5 18. e5 Be7 19. dxc5 Qc7 20. Bxa5 bxa5 21. c6 Rfd8 22. Qc2 g6 23. Rxd8+ Rxd8 24. Bf1 Bxf1 25. Kxf1 Rc8 26. Rc1 Ba3 27. Rd1 Qxc6 28. Rd8+ 1-0

[Site "Europe Echecs"]

[Event "Championnat d'Europe Rapide"]
[Date "2024.12.07"]
[White "Alonso Rosell, Alvar"]
[Black "Zawadzka, Jolanta"]
[WhiteElo "2532"]
[BlackElo "2331"]
[Round "5.33"]
[Result "1-0"]
[TimeControl "900+10"]

1. d4 d5 2. Nf3 Nf6 3. e3 c6 4. h3 e6 5. Bd3 Nbd7 6. b3 Bd6 7. Bb2 Qc7 8. c4 O-O 9. Nbd2 Re8 10. Qc2 h6 11. c5 Bf8 12. g4 b6 13. g5 Nh5 14. gxh6 bxc5 15. hxg7 Bxg7 16. Rg1 Kf8 17. Be2 Nhf6 18. Ne5 Bh8 19.
O-O-O a5 20.
Ndf3 Ne4 21.
Nxd7+ Bxd7 22. Ng5 Nxg5 23. Qxc5+ Re7 24. Rxg5 Bf6 25. Rg3 a4 26. Rdg1 1-0

[Site "Europe Echecs"]

[Event "Championnat d'Europe Rapide"]
[Date "2024.12.07"]
[White "Krallis, Christos"]
[Black "Guliyev, Namig"]
[WhiteElo "2383"]
[BlackElo "2484"]
[Round "5.34"]
[Result "1-0"]
[TimeControl "900+10"]

1. e4 c5 2.
Nf3 d6 3. d4 cxd4 4. Nxd4 Nf6 5. Nc3 a6 6. Bc4 e6 7. Bb3 Nbd7 8. f4 Nc5 9. e5 dxe5 10.
fxe5 Nxb3 11. axb3 Nd5 12. O-O Bc5 13. Ne4 Bxd4+ 14. Qxd4 O-O 15. Bg5 Qb6 16. Qxb6 Nxb6 17. Nd6 Nd5 18. c4 h6 19. Bd2 Ne7 20. b4 Nf5 21. b5 Nxd6 22. exd6 Bd7 23. bxa6 bxa6 24. Ba5 Rfb8 25. b4 e5 26. Rfb1 Bf5 27. Rb2 Kf8 28. Bc7 Rc8 29. b5 axb5 30. Rxa8 Rxa8 31. cxb5 Ke8 32. b6 Bc8 33. b7 Bxb7 34. Rxb7 Ra1+ 35. Kf2 Kd7 36. Bb8+ Kc8 37. d7+ Kd8 38. Bc7+ Kxd7 39. Bxe5+ 1-0

[Site "Europe Echecs"]

[Event "Championnat d'Europe Rapide"]
[Date "2024.12.07"]
[White "Gaponenko, Inna"]
[Black "Stojanovski, Dejan"]
[WhiteElo "2343"]
[BlackElo "2407"]
[Round "5.35"]
[Result "1/2-1/2"]
[TimeControl "900+10"]

1. e4 d6 2. d4 Nf6 3. Nc3 e5 4. dxe5 dxe5 5. Qxd8+ Kxd8 6. Bg5 Nbd7 7. O-O-O c6 8. Bc4 Ke8 9. Nf3 Bb4 10. Bh4 Ba5 11. Ng5 Rf8 12. f4 Bc7 13. Nf3 Ng4 14. Rhe1 exf4 15. e5 Ne3 16. e6 fxe6 17. Bxe6 Ne5 18. Bb3 Nxf3 19. gxf3 Bf5 20. Bf2 Rf6 21. Bxe3 fxe3 22. Rxe3+ Kf8 23. Re2 Re8 24. Ne4 Rh6 25. Rh1 Rh3 26. Rf2 h6 27. c3 g5 28. Bc2 Bf4+ 29. Kb1 Kg7 30. a4 b6 31. b3 Re5 32. Kb2 Kg6 33. b4 h5 34. Nd2 Bxc2 35. Kxc2 Bxd2 36. Kxd2 Rh4 37. Rg1 Kf6 38. Re1 a5 39. Rxe5 Kxe5 40. bxa5 bxa5 41. Re2+ Kf5 42. Kd3 Rxa4 43. Re8 Ra2 44. Rf8+ Ke6 45. Re8+ Kd6 46. Rg8 Rxh2 47. Rxg5 a4 48. Ra5 Rf2 49. Ke3 Rc2 50. Kd3 Rf2 51. Ke3 1/2-1/2

[Site "Europe Echecs"]

[Event "Championnat d'Europe Rapide"]
[Date "2024.12.07"]
[White "Dragnev, Valentin"]
[Black "Todorovic, Goran N"]
[WhiteElo "2563"]
[BlackElo "2256"]
[Round "5.36"]
[Result "0-1"]
[TimeControl "900+10"]

1. e4 Nc6 2.
Nf3 d6 3. d4 Nf6 4. Nc3 g6 5. d5 Nb8 6. Be3 c6 7. h3 Bg7 8. Qd2 b6 9. Bh6 O-O 10. g4 b5 11. a3 a6 12. Bg2 cxd5 13.
exd5 Nbd7 14. Bxg7 Kxg7 15. Nd4 Ne5 16. b3 Qc7 17. f4 Ned7 18. Nc6 Bb7 19. O-O-O Nb8 20. g5 Nh5 21. Qd4+ Kg8 22. Rhe1 e6 23. Bf3 Nxc6 24. dxc6 Bxc6 25. Bxh5 gxh5 26. f5 exf5 27. Rf1 Rac8 28. Kb2 Be4 29. Rd2 Qc5 30. Qf6 d5 31. Ne2 Rc6 32. Qe5 Rfc8 33. Rc1 Qd6 34. Qd4 Qc7 35. c3 Re8 36. Rf1 Rce6 37. Nf4 Qe5 38. Nxe6 Rxe6 39. Qc5 Kg7 40. Rff2 h4 41. Rf1 Re7 42. Qf2 Qg3 43. Qc5 Qe5 44. Qf2 Qg3 45. Qc5 Qe5 46. Qe3 a5 47. b4 axb4 48. axb4 Rc7 49. Rd4 Qg3 50. Re1 Qxe3 51. Rxe3 Kg6 52. Re1 Kxg5 53. Rg1+ Kf6 54. Rd2 h6 55. Rf2 Ke5 56. Rg8 f4 57. Rg4 f3 58. Rxh4 f5 59. Rf1 Rg7 60. Rxh6 Rg2+ 61. Kb3 Bd3 62. Re1+ Kf4 63. Rh4+ Kg3 0-1

[Site "Europe Echecs"]

[Event "Championnat d'Europe Rapide"]
[Date "2024.12.07"]
[White "Janik, Igor"]
[Black "Aymerich Verdaguer, Eduard"]
[WhiteElo "2515"]
[BlackElo "2163"]
[Round "5.37"]
[Result "1-0"]
[TimeControl "900+10"]

1. e4 c5 2.
Nf3 e6 3. g3 Nc6 4. Bg2 e5 5. O-O g6 6. Nc3 Bg7 7. d3 h6 8. Nd2 Nge7 9. Nc4 d6 10. f4 Nd4 11. a4 a6 12. a5 O-O 13. Na4 Rb8 14. c3 Ndc6 15.
Nab6 Be6 16.
Be3 exf4 17.
Bxf4 Ne5 18.
Qd2 Kh7 19.
Nxe5 dxe5 20. Be3 Qd6 21. Qf2 Qxd3 22. Bxc5 Rfe8 23.
Rfd1 Qb5 24.
b4 Ng8 25.
Nd5 Bxd5 26.
exd5 f5 27.
Rac1 Nf6 28.
c4 Qd7 29. h3 e4 30. Be3 Rbd8 31. Bf1 Qa4 32. Qd2 Nd7 33. Be2 Ne5 34. Kg2 g5 35. Rf1 Rf8 36. Bc5 Rf7 37. Bh5 Ng6 38. d6 Qc6 39. Rcd1 e3+ 40. Qd5 f4 41. Bxg6+ Kxg6 42. Qxc6 bxc6 43. Kf3 Bc3 44. gxf4 gxf4 45. Rd3 Bd2 46. b5 cxb5 47. cxb5 axb5 48. a6 Kf5 49. a7 Ke6 50. Ra1 Ra8 51. d7 Rxd7 52. Ra6+ Ke5 53. Rxd7 Rg8 54. a8=Q [Site "Europe Echecs"]

[Event "Championnat d'Europe Rapide"]
[Date "2024.12.07"]
[White "Muradli, Mahammad"]
[Black "Avramidou, Anastasia"]
[WhiteElo "2588"]
[BlackElo "2298"]
[Round "5.38"]
[Result "1-0"]
[TimeControl "900+10"]

1. d4 Nf6 2. c4 g6 3. Nc3 Bg7 4. e4 d6 5. Be2 O-O 6. Be3 e5 7. d5 a5 8. h4 h5 9. f3 Na6 10. Nh3 Nc5 11. Nf2 Bd7 12. g4 b6 13. Qd2 Qc8 14. O-O-O a4 15. Kb1 Qa6 16. Bg5 Nb3 17. Qe3 Nd4 18. Bxf6 Bxf6 19. gxh5 Kh7 20. Rdg1 Rg8 21. Ng4 Bxg4 22. fxg4 Be7 23.
hxg6+ fxg6 24. g5 Kg7 25. h5 Rh8 26. Nb5 Nxb5 27. cxb5 Qa5 28. h6+ Kh7 29. a3 Rhf8 30. Bh5 Qxb5 31. Bxg6+ Kxg6 32. Qh3 Qe2 33. Qe6+ 1-0

[Site "Europe Echecs"]

[Event "Championnat d'Europe Rapide"]
[Date "2024.12.07"]
[White "Denk, Adolf"]
[Black "Larkin, Vladyslav"]
[WhiteElo "2113"]
[BlackElo "2449"]
[Round "5.39"]
[Result "1/2-1/2"]
[TimeControl "900+10"]

1. d4 d6 2.
Nf3 Bg4 3.
Nbd2 Nf6 4.
c3 c6 5. g3 Nbd7 6. Bg2 e5 7. e4 Be7 8. Qc2 a5 9. a4 O-O 10. O-O Re8 11. b3 Bf8 12. Re1 Qc7 13. dxe5 dxe5 14. h3 Bxf3 15.
Nxf3 Nc5 16.
Bg5 Nfd7 17.
Rad1 Ne6 18.
Bc1 Rad8 19.
h4 Nec5 20.
Nd2 Nb6 21.
Bf1 Qc8 22.
Kg2 Rd7 23.
Nc4 Nxc4 24.
Bxc4 Red8 25. f3 h6 26. Be3 Rxd1 27. Rxd1 Rxd1 28. Qxd1 Qd7 29. Qxd7 Nxd7 30. Kf1 Bc5 31. Bd2 Kf8 32. Ke2 Ke7 33. Be1 Bg1 34. b4 Bb6 35. Kd3 Nf6 36. Bb3 Nd7 37. Bd1 Kd6 38. Kc4 f6 39. Be2 Bd8 40. Bf1 Bb6 41. Bh3 axb4 42. cxb4 Bd4 43. h5 Nb6+ 44. Kb3 Na8 45. Bc8 Kc7 46. Be6 b5 47. axb5 cxb5 48. Bf7 Nb6 49. Be8 Nd7 50. Bc3 Bxc3 51. Kxc3 Kd8 52. Bxd7 1/2-1/2

[Site "Europe Echecs"]

[Event "Championnat d'Europe Rapide"]
[Date "2024.12.07"]
[White "Peyrer, Konstantin"]
[Black "Radeva, Viktoria"]
[WhiteElo "2440"]
[BlackElo "2275"]
[Round "5.40"]
[Result "1-0"]
[TimeControl "900+10"]

1. Nf3 d5 2.
g3 Nf6 3.
Bg2 e6 4. c4 Be7 5. O-O O-O 6. b3 c5 7. cxd5 exd5 8. d4 Nc6 9. Bb2 h6 10. Nc3 Be6 11. Rc1 Qa5 12. dxc5 Bxc5 13. a3 Be7 14. b4 Qd8 15. Na4 Ne4 16. Nd2 Bf5 17. Nb3 Bg5 18. e3 Rc8 19. Qe2 Qe7 20. b5 Nb8 21. Nd4 Bd7 22. Nc3 Nxc3 23.
Bxc3 Qxa3 24. Qd2 Be7 25. Bxd5 Bh3 26. Rfd1 b6 27. Bb2 Qd6 28. Nc6 Nxc6 29. bxc6 Qg6 30. Bf3 Bc5 31. Qd5 Be6 32. Qe5 Rfe8 33. Be4 Qg5 34. Qxg5 hxg5 35. Rd7 Bb3 36. Bf3 g4 37. Bxg4 Rxc6 38. Rxa7 Rxe3 39.
Ra8+ Kh7 40.
Bf5+ Kh6 41.
h4 Rxg3+ 42.
Kh2 1-0

[Site "Europe Echecs"]

[Event "Championnat d'Europe Rapide"]
[Date "2024.12.07"]
[White "Maltsevskaya, Aleksandra"]
[Black "Paichadze, Luka"]
[WhiteElo "2368"]
[BlackElo "2532"]
[Round "5.41"]
[Result "0-1"]
[TimeControl "900+10"]

1. e4 c6 2.
d4 d5 3. e5 Bf5 4. c4 e6 5. h4 h5 6. Nc3 dxc4 7. Bxc4 Nd7 8. Nge2 Nb6 9. Bb3 Be7 10. Ng3 Bg6 11. Nge4 Nd5 12. Qf3 Nh6 13. Bg5 Nf5 14. Rd1 Qb6 15. Bxe7 Ndxe7 16.
Qf4 O-O-O 17. O-O Kb8 18. Nd6 Nxd6 19. exd6 Nf5 20. Bc2 Qb4 21. Ne4 Nxd4 22. Rxd4 Qxd4 23. Rd1 e5 24. Qc1 Qc4 25. b3 Qe2 26. Rd2 Qb5 27. Nc3 Qc5 28. Bxg6 fxg6 29. Qa1 Qb4 30. a3 Qxh4 31. f3 Qf4 32. Ne4 h4 33. Qc3 g5 34. Nc5 h3 35. Ne6 Qg3 36. Qe3 Rxd6 0-1

[Site "Europe Echecs"]

[Event "Championnat d'Europe Rapide"]
[Date "2024.12.07"]
[White "Kukov, Velislav"]
[Black "Stankovic, Milos"]
[WhiteElo "2316"]
[BlackElo "2462"]
[Round "5.42"]
[Result "1/2-1/2"]
[TimeControl "900+10"]

1. d4 d5 2.
Nf3 Nf6 3.
Bf4 e6 4. e3 Bd6 5. Bg3 O-O 6. Nbd2 b6 7. c3 c5 8. Ne5 Qc7 9. Bd3 Ba6 10. Bxa6 Nxa6 11. O-O Nb8 12. Qe2 Nc6 13. Nxc6 Qxc6 14.
Bxd6 Qxd6 15. f4 b5 16. Nb3 c4 17. Nc5 a5 18. e4 Nxe4 19. Nxe4 dxe4 20. Qxe4 Qd5 21. Qxd5 1/2-1/2

[Site "Europe Echecs"]

[Event "Championnat d'Europe Rapide"]
[Date "2024.12.07"]
[White "Tudor, Henry Edward"]
[Black "Samunenkov, Ihor"]
[WhiteElo "2375"]
[BlackElo "2543"]
[Round "5.43"]
[Result "1/2-1/2"]
[TimeControl "900+10"]

1. d4 Nf6 2.
c4 e6 3. Nc3 Bb4 4. e3 O-O 5. Bd2 d5 6. Nf3 b6 7. cxd5 exd5 8. Rc1 Re8 9. Bd3 c5 10. O-O c4 11. Bb1 Nc6 12. Qa4 Bd7 13. Qc2 g6 14. Ne2 Bd6 15. Ng3 b5 16. Rfe1 Qb6 17. Qd1 Rac8 18. Ng5 Bg4 19. f3 Bd7 20. f4 Nxd4 21. Bc3 Rxe3 22.
Rxe3 Bxf4 23. Nf1 Nf5 24. Bxf5 Bxe3+ 25. Nxe3 Qxe3+ 26. Kh1 Qxg5 27. Bxf6 Qxf5 28. Qd4 Qe4 29. Qd2 Qf5 30. Qd4 Re8 31.
Bh8 f6 32.
Bxf6 Rf8 33.
Be5 Qf1+ 34.
Rxf1 Rxf1+ 35. Qg1 Rxg1+ 36. Kxg1 Kf7 37. Kf2 Ke6 38. Bd4 a6 39. Ke3 Kd6 40. a3 Bf5 41. Bc3 h5 42. h4 Bc2 43. g3 Be4 44. Kd4 Bc2 45. Ke3 Kc5 46. Bb4+ Kb6 47. Kd4 Be4 48. Bc3 Bg2 49. Bb4 Kc6 50. Ke5 Kd7 51. Bc3 Ke7 52. Bb4+ Kf7 53. Bc3 Ke7 54. Bb4+ Kd7 55. Bc3 Kc6 56. Bb4 Kb6 57. Kd4 a5 58. Bd2 Bh1 59. Bc3 b4 60. axb4 a4 61. Be1 Be4 62. Bc3 Kc6 63. Ke5 Kb5 1/2-1/2

[Site "Europe Echecs"]

[Event "Championnat d'Europe Rapide"]
[Date "2024.12.07"]
[White "Dragicevic, Drazen"]
[Black "Saraci, Nderim"]
[WhiteElo "2332"]
[BlackElo "2431"]
[Round "5.44"]
[Result "1-0"]
[TimeControl "900+10"]

1. Nf3 d5 2.
d4 Nf6 3. g3 Bf5 4. Bg2 e6 5. O-O h6 6. c4 c6 7. Qb3 Qb6 8. c5 Qc7 9. Bf4 Qc8 10. Nbd2 Nbd7 11.
Rfc1 Be7 12.
Qc3 Ne4 13.
Nxe4 Bxe4 14. b4 O-O 15. a4 a6 16. Qb2 Re8 17. b5 Bf6 18. Bd6 Bxf3 19. Bxf3 e5 20. e3 exd4 21. exd4 Nf8 22. bxc6 bxc6 23. Rab1 Qf5 24. Bg2 Ne6 25. Be5 Bxe5 26. dxe5 Rab8 27. Qxb8 Rxb8 28. Rxb8+ Kh7 29. Rb6 Nd4 30. Re1 a5 31. h4 h5 32. Ra6 Qc2 33. Ra7 Kg6 34. e6 fxe6 35. Re5 Kf6 36. Rg5 g6 37. Rxa5 Qc1+ 38. Kh2 Nf5 39. Ra8 Qxc5 40. a5 Qxf2 41. a6 Qa2 42. Kh3 Nh6 43. a7 Nf7 44. Rxg6+ Ke5 45. Rg7 Kf6 46. Rxf7+ 1-0

[Site "Europe Echecs"]

[Event "Championnat d'Europe Rapide"]
[Date "2024.12.07"]
[White "Promyshlyanskiy, Vitaliy"]
[Black "Savanovic, Aleksandar"]
[WhiteElo "2279"]
[BlackElo "2354"]
[Round "5.45"]
[Result "0-1"]
[TimeControl "900+10"]

1. e4 e5 2.
Nf3 Nc6 3. Bb5 a6 4. Ba4 Nf6 5. Qe2 d6 6. c3 Be7 7. O-O O-O 8. Rd1 b5 9. Bb3 Na5 10. Bc2 c5 11. d4 Qc7 12. d5 Bd7 13. b3 Nb7 14. Nbd2 g6 15. Nf1 Nh5 16. Bh6 Ng7 17. Ng3 Nd8 18. a4 Rb8 19. axb5 axb5 20. Bd3 f6 21. h4 Nf7 22. Qd2 b4 23. c4 Ra8 24. Kh2 Bg4 25. Be2 Ra7 26. Bxg7 Kxg7 27. h5 Rfa8 28. Rxa7 Qxa7 29. Nd4 exd4 30. Bxg4 Qa2 31. Qf4 Qxb3 32. Be2 Ne5 33. h6+ Kf8 34. Nf5 Ra2 35. Bg4 Rxf2 36. Bf3 Qxd1 37. Kg3 Qe1 0-1

[Site "Europe Echecs"]

[Event "Championnat d'Europe Rapide"]
[Date "2024.12.07"]
[White "Ghimpu, Samuel-Timotei"]
[Black "Galuszka, Tomasz"]
[WhiteElo "2475"]
[BlackElo "2174"]
[Round "5.46"]
[Result "1-0"]
[TimeControl "900+10"]

1. e4 c6 2.
d4 d5 3. e5 Bf5 4. Nf3 e6 5. Be2 Nd7 6. O-O Ne7 7. c3 h6 8. Na3 Qc7 9. Nc2 g5 10. b4 Bg7 11. a4 Nf8 12. Re1 Nfg6 13. Ne3 g4 14. Nd2 h5 15. b5 Nf4 16. Bf1 Bd3 17. bxc6 Qxc6 18. Qb3 Bxf1 19.
Ndxf1 Nd3 20. Rd1 Nxc1 21. Raxc1 Bh6 22. c4 dxc4 23. Rxc4 Qd7 24. Ng3 Kf8 25. Ne4 Bxe3 26.
fxe3 Nd5 27.
Rf1 Rh7 28.
Nd6 Kg8 29.
e4 Nb6 30.
Rb4 Rb8 31.
a5 Nc8 32.
Nxb7 Ne7 33.
Nd6 Rxb4 34.
Qxb4 Nc6 35.
Qc5 g3 36.
h3 Rg7 37.
Rb1 Nd8 38.
Rc1 Kh7 39.
d5 Qa4 40.
Qxa7 f6 41.
Qb6 fxe5 42.
Qxd8 exd5 43. Nf5 Qxe4 44. Rf1 Rb7 45. Qg5 Qe2 46. Ne7 1-0

[Site "Europe Echecs"]

[Event "Championnat d'Europe Rapide"]
[Date "2024.12.07"]
[White "Aizenberg, Benny"]
[Black "Martins, Diogo Faria Oliveira"]
[WhiteElo "2425"]
[BlackElo "1961"]
[Round "5.47"]
[Result "1-0"]
[TimeControl "900+10"]

1. e4 c5 2. Nf3 g6 3. d4 cxd4 4. Nxd4 Nc6 5. c4 Nf6 6. Nc3 Nxd4 7. Qxd4 d6 8. Be3 Bg7 9. f3 O-O 10. Qd2 a5 11. b3 a4 12. b4 a3 13. Be2 Be6 14. Rc1 Qd7 15. O-O Rfc8 16. Nd5 Bxd5 17. exd5 Qa4 18. Rfe1 Nd7 19. c5 dxc5 20.
bxc5 Qa5 21.
Qxa5 Rxa5 22. c6 bxc6 23. dxc6 Nf6 24. Bb6 Re5 25. f4 Re6 26. Bf3 Rxe1+ 27. Rxe1 e6 28. c7 Nd5 29. Bxd5 exd5 30. Re7 Bf6 31. Rd7 Kg7 32. Rd8 1-0

[Site "Europe Echecs"]